 Dungeon Crawl Stone Soup version 0.18.1-50-g88ac8fd (webtiles) character file.

51 Skwishie the Chopper (level 3, 0/34 HPs)
             Began as a Gargoyle Berserker on Sept 23, 2016.
             Was a Follower of Trog.
             Killed from afar by Sigmund (7 damage)
             ... with a puff of flame
             ... on level 2 of the Dungeon.
             The game lasted 00:04:25 (1492 turns).

Skwishie the Chopper (Gargoyle Berserker)           Turns: 1492, Time: 00:04:26

Health: 0/34       AC:  8    Str: 28    XL:     3   Next: 83%
Magic:  3/3        EV: 11    Int:  7    God:    Trog [*.....]
Gold:   43         SH:  0    Dex: 10    Spells: 0 memorised, 2 levels left

rFire  . . .     SeeInvis .     a - +0 hand axe
rCold  . . .     Gourm    .     f - +0 ring mail
rNeg   + . .     Faith    .     (no shield)
rPois  ∞         Spirit   .     (no helmet)
rElec  +         Dismiss  .     (no cloak)
rCorr  .         Reflect  .     (no gloves)
SustAt .         Harm     .     (no boots)
MR     .....                    (no amulet)
Stlth  ..........               (no ring)
                                k - +3 ring of strength (curse)

@: berserking, very quick, not resistant to hostile enchantments, extremely
unstealthy
A: negative energy resistance 1, electricity resistance, unbreathing,
petrification resistance, rot immunity, AC +3
a: Berserk, Burn Spellbooks, Renounce Religion


You were on level 2 of the Dungeon.
You worshipped Trog.
Trog was aware of your devotion.
You were not hungry.

You visited 1 branch of the dungeon, and saw 2 of its levels.

You collected 43 gold pieces.

Inventory:

Hand Weapons
 a - a +0 hand axe (weapon)
Armour
 f - a +0 ring mail (worn)
Jewellery
 k - a cursed +3 ring of strength (left hand)
Scrolls
 d - a scroll of remove curse {unknown}
 e - 2 scrolls of identify {unknown}
 j - a scroll of enchant armour {unknown}
 l - a scroll of enchant weapon {unknown}
 m - a scroll of immolation {unknown}
Potions
 b - a potion of heal wounds {unknown}
 g - 2 potions of curing {unknown}
 h - a potion of lignification {unknown}
 n - 2 potions of haste {unknown}
 o - a potion of might {unknown}
Comestibles
 c - a bread ration
 i - 6 chunks of flesh


   Skills:
 - Level 3.2 Fighting
 + Level 4.2 Axes
 - Level 2.1 Armour
 - Level 1.5 Dodging


You had 2 spell levels left.
You didn't know any spells.

Dungeon Overview and Level Annotations

Branches:
Dungeon (2/15)

Altars:

Annotations:
D:2 Sigmund


Innate Abilities, Weirdness & Mutations

You are resistant to torment.
Your stone body is resilient (AC +3).
You are immune to poison.
You resist negative energy.
You are resistant to electric shocks.
You can survive without breathing.
You are immune to petrification.
You are immune to rotting.


Message History

You slash Sigmund!
Sigmund is severely wounded.
Sigmund misses you.
You hit Sigmund.
Sigmund is almost dead.
You hit Sigmund but do no damage.
Sigmund is almost dead.
Sigmund casts a spell at you. The magic dart hits you!
You hit Sigmund but do no damage.
Sigmund is almost dead.
Sigmund casts a spell at you. The magic dart hits you!
* * * LOW HITPOINT WARNING * * *
A red film seems to cover your vision as you go berserk!
You feel yourself moving faster!
You feel mighty!
You feel somewhat more hungry. Sigmund gestures at you while chanting.
The puff of flame hits you!
You die...

..# #.# #.# # #.#
##. #.#
##...###.#
......@.>#
#@.#######.
#..........
##.######## #####
#.# #....
#.###########.###
#.............#
###############


You could see Sigmund.

Vanquished Creatures
  Ijyb (D:1)
  2 giant geckos
  A giant cockroach (D:2)
  A goblin (D:2)
  3 hobgoblins
  A quokka (D:2)
  A ball python (D:1)
  5 bats
  2 giant newts
  5 kobolds
  3 rats
25 creatures vanquished.

Notes
Turn   | Place    | Note
--------------------------------------------------------------
     0 | D:1      | Skwishie the Gargoyle Berserker began the quest for the Orb.
     0 | D:1      | Reached XP level 1. HP: 14/14 MP: 1/1
   394 | D:1      | Reached skill level 3 in Axes
   600 | D:2      | Noticed Ijyb
   606 | D:2      | Noticed Sigmund
   621 | D:1      | Killed Ijyb
   621 | D:1      | Reached XP level 2. HP: 13/19 MP: 2/2
   621 | D:1      | Reached XP level 3. HP: 16/23 MP: 3/3
  1195 | D:2      | Reached skill level 4 in Axes
  1492 | D:2      | Killed from afar by Sigmund

Skill      XL: |  1  2  3 |
---------------+----------+-----
Axes           | 3 4 |  4.2
Fighting       | |  3.2
Armour         | |  2.1
Dodging        | |  1.5

Action                   || total
-------------------------++-------
Melee: Hand axe          ||    95
Invok: Berserk           ||     1
  Eat: Chunk             ||     2
Armor: Ring mail         ||    49
       Animal skin       ||     3
Dodge: Dodged            ||    50
